 Dungeon Crawl Stone Soup version 0.31-a0-370-g25055926c8 (webtiles) character file.

Game seed: 623559568632460079

130578 Execuda the Slayer (level 16, -17/168 HPs)
             Began as a Minotaur Delver on July 29, 2023.
             Was the Champion of Okawaru.
             Blown up by an orb spider (49 damage)
             ... with an orb of destruction
             ... on level 2 of the Spider Nest.
             The game lasted 00:45:45 (27716 turns).

Execuda the Slayer (Minotaur Delver)               Turns: 27716, Time: 00:45:45

Health: -17/168    AC: 26    Str: 29    XL:     16   Next: 53%
Magic:  32/32      EV: 12    Int: 12    God:    Okawaru [******]
Gold:   1442       SH:  5    Dex: 14    Spells: 15/15 levels left

rFire   . . .        U - +6 battleaxe of Bodily Humours {heavy, Will++ rCorr}
rCold   + + +        (shield currently unavailable)
rNeg    + . .        R - +2 plate armour "Vausirgh" {-Cast +Inv rC++ Dex+3}
rPois   +            V - +3 hat of Pondering {ponderous, Will+ MP+10 Int+5}
rElec   .            B - +0 cloak {Will+}
rCorr   +            x - +0 pair of gloves of the Jolly Mouths {rC+ rCorr Dex-2}
SInv    .            P - -1 pair of boots of Claustrophobia {rN+ rCorr Str+5}
Will    +++++        S - amulet of reflection Stlth
                     y - +4 ring of protection
HPRegen 0.48/turn    N - ring of poison resistance
MPRegen 0.23/turn

%: no spellcasting, reflection
@: slow
A: horns 2, retaliatory headbutt
a: Renounce Religion, Evoke Invisibility, Heroism, Finesse, Duel


You were on level 2 of the Spider Nest.
You worshipped Okawaru.
Okawaru was exalted by your worship.
You visited 5 branches of the dungeon, and saw 24 of its levels.
You also visited: Ossuary and Bailey.

You collected 1626 gold pieces.
You spent 184 gold pieces at shops.

Inventory:

Hand Weapons
 H - the +10 battleaxe "Dufaarag" {heavy, rF+}
   (Okawaru gifted it to you on level 14 of the Dungeon)

   rF:        It protects you from fire.
 M - a +0 vampiric battleaxe
 U - the +6 battleaxe of Bodily Humours (weapon) {heavy, Will++ rCorr}
   (Okawaru gifted it to you on level 15 of the Dungeon)

   rCorr:     It protects you from acid and corrosion.
   Will:      It greatly increases your willpower.
 X - a +2 executioner's axe of draining
Missiles
 I - 5 curare-tipped darts (quivered)
 J - 12 throwing nets
Armour
 s - the +2 cloak of Privacy {Harm rF+ Stlth-}
   (You found it on level 2 of the Dungeon)

   rF:        It protects you from fire.
   Harm:      It increases damage dealt and taken.
   Stlth:     It makes you less stealthy.
 w - the +4 leather armour of Sloth {rElec rN+ rCorr Int+3}
   (You found it on level 8 of the Dungeon)

   Int:       It affects your intelligence (+3).
   rElec:     It insulates you from electricity.
   rN:        It protects you from negative energy.
   rCorr:     It protects you from acid and corrosion.
 x - the +0 pair of gloves of the Jolly Mouths (worn) {rC+ rCorr Dex-2}
   (Okawaru gifted it to you on level 1 of the Depths)

   Dex:       It affects your dexterity (-2).
   rC:        It protects you from cold.
   rCorr:     It protects you from acid and corrosion.
 B - a +0 cloak of willpower (worn)
 L - the +8 plate armour of Foolhardiness {-Tele rPois rCorr Stlth-}
   (Okawaru gifted it to you on level 10 of the Dungeon)

   rPois:     It protects you from poison.
   -Tele:     It prevents most forms of teleportation.
   rCorr:     It protects you from acid and corrosion.
   Stlth:     It makes you less stealthy.
 P - the -1 pair of boots of Claustrophobia (worn) {rN+ rCorr Str+5}
   (You found it on level 15 of the Dungeon)

   Str:       It affects your strength (+5).
   rN:        It protects you from negative energy.
   rCorr:     It protects you from acid and corrosion.
 R - the +2 plate armour "Vausirgh" (worn) {-Cast +Inv rC++ Dex+3}
   (You found it on level 2 of the Lair of Beasts)

   Dex:       It affects your dexterity (+3).
   rC:        It greatly protects you from cold.
   +Inv:      It lets you turn invisible.
   -Cast:     It prevents spellcasting.
 T - the +0 scale mail of Lust {rF++ rC- Will+ Int+3}
   (Okawaru gifted it to you on level 1 of the Lair of Beasts)

   Int:       It affects your intelligence (+3).
   rF:        It greatly protects you from fire.
   rC:        It makes you vulnerable to cold.
   Will:      It increases your willpower.
 V - the +3 hat of Pondering (worn) {ponderous, Will+ MP+10 Int+5}
   (You took it off Gastronok on level 3 of the Lair of Beasts)

   Int:       It affects your intelligence (+5).
   MP:        It affects your magic capacity (+10).
   Will:      It increases your willpower.
Jewellery
 t - a ring of see invisible
 y - a +4 ring of protection (left hand)
 N - a ring of poison resistance (right hand)
 O - a ring of ice
 S - an amulet of reflection (around neck)
Wands
 g - a wand of digging (2)
 r - a wand of acid (8)
 v - a wand of iceblast (14)
Scrolls
 c - 10 scrolls of fog
 d - 3 scrolls of revelation
 e - 4 scrolls of fear
 f - 4 scrolls of amnesia {unknown}
 i - a scroll of acquirement
 j - 7 scrolls of enchant weapon
 n - 12 scrolls of teleportation
 o - 9 scrolls of immolation
 z - 8 scrolls of enchant armour
 D - a scroll of silence
 G - a scroll of summoning
 W - 2 scrolls of blinking
Potions
 a - 3 potions of berserk rage
 b - 7 potions of lignification
 k - 2 potions of brilliance
 m - 5 potions of heal wounds
 p - 7 potions of enlightenment
 u - 3 potions of ambrosia
 A - 14 potions of curing
 C - 2 potions of haste
 E - 4 potions of might
 F - 3 potions of cancellation
 Q - a potion of mutation


   Skills:
 * Level 21.8 Fighting
 * Level 21.7 Axes
 - Level 10.0 Armour
 - Level 10.0 Dodging
 - Level 4.1 Stealth
 - Level 10.0 Invocations


You had 15 spell levels left.
You didn't know any spells.
Your spell library contained the following spells:

 Spells                   Type           Power      Damage    Failure   Level
 Kiss of Death            Conj/Necr      0%         2d5       94%         1
 Sandblast                Erth           0%         2d4       94%         1
 Blink                    Tloc           0%         N/A       98%         2
 Passwall                 Tmut/Erth      0%         N/A       98%         2
 Poisonous Vapours        Pois/Air       0%         N/A       98%         2
 Confusing Touch          Hex            0%         N/A       100%        3
 Frozen Ramparts          Ice            0%         1d1       100%        3
 Inner Flame              Hex/Fire       0%         N/A       100%        3
 Mephitic Cloud           Conj/Pois/Air  0%         N/A       100%        3
 Stone Arrow              Conj/Erth      0%         3d7       100%        3
 Vhi's Electric Charge    Tloc/Air       0%         N/A       100%        3
 Dispel Undead            Necr           0%         3d6       100%        4
 Manifold Assault         Tloc           0%         N/A       100%        4
 Petrify                  Tmut/Erth      0%         N/A       100%        4
 Arcjolt                  Conj/Air       0%         1d10      100%        5
 Borgnjor's Vile Clutch   Necr/Erth      0%         N/A       100%        5
 Freezing Cloud           Conj/Ice/Air   0%         6-21      100%        5
 Metabolic Englaciation   Hex/Ice        0%         N/A       100%        5
 Plasma Beam              Fire/Air       0%         2x1d10    100%        6
 Summon Guardian Golem    Hex/Summ       Unusable   N/A       N/A         3
 Animate Dead             Necr           Unusable   N/A       N/A         4
 Death Channel            Necr           Unusable   N/A       N/A         6

Dungeon Overview and Level Annotations

Branches:
Dungeon (15/15)            Temple (1/1) D:6            Lair (5/5) D:10
 Shoals (0/4) Lair:2       Spider (2/4) Lair:2        Slime (0/5) Lair:4
    Orc (0/2) D:10         Vaults (0/5) D:14         Depths (1/4) D:15
Ossuary (visited)          Bailey (visited)

Altars:
Ashenzari
Cheibriados
Dithmenos
Elyvilon
Fedhas
Gozag
Hepliaklqana
Kikubaaqudgha
Makhleb
Nemelex Xobeh
Okawaru
Qazlal
Ru
Sif Muna
Trog
Uskayaw
Vehumet
Wu Jian
Xom
Yredelemnul
Zin
The Shining One
Jiyva

Shops:
D:5 (   D:9 :   D:13 (   D:14 [   D:15 [

Portals:
Hell: Depths:1
Trove: D:13 (give 2 scrolls of acquirement)

Annotations:
Lair:5 3 runed translucent doors, CrazyBamboolord's ghost, journeyman DsIE


Innate Abilities, Weirdness & Mutations

You have a pair of horns on your head.
You reflexively headbutt those who attack you in melee.


Message History

The spark wasp shocks you! The spark wasp stings you!!
The spark wasp shocks you!
You are too injured to fight recklessly!
You slash the spark wasp!
The spark wasp is moderately wounded.
An orb spider comes into view.
The spark wasp barely misses you.
You slash the spark wasp!
You headbutt the spark wasp, but do no damage.
The spark wasp is moderately wounded.
The spark wasp stings you but does no damage.
The orb spider pulsates with a strange energy.
The spark wasp misses you. You furiously retaliate!
You headbutt the spark wasp!! You barely miss the spark wasp.
Your headbutt misses the spark wasp.
The spark wasp is severely wounded.
The spark wasp stings you!! The spark wasp shocks you!
* * * LOW HITPOINT WARNING * * *
The orb spider weaves a glowing orb of energy.
An orb of destruction comes into view.
You closely miss the spark wasp.
You headbutt the spark wasp, but do no damage.
The spark wasp is severely wounded.
The spark wasp barely misses you. You furiously retaliate!
You headbutt the spark wasp! The spark wasp stings you.
* * * LOW HITPOINT WARNING * * *
The spark wasp shocks you!
* * * LOW HITPOINT WARNING * * *
The orb of destruction hits a rock wall.
You slice the spark wasp like a ripe choko!!!
You kill the spark wasp!
Okawaru accepts your kill.
The orb spider begins to weave its threads into a brightly glowing ball.
The orb spider weaves a glowing orb of energy.
An orb of destruction comes into view.
The orb of destruction moves out of view.
The orb spider pulsates with a strange energy.
There is a stone staircase leading down here.
The orb of destruction hits you!!!
You die...

##...###^..#.........#
##.#..........#.#^#....
###.#........#.#...... ..
##..........[.#=..#....# .
#.........#.#.......#.^..
....##^#...#....#....#^.
#.# #..#.[.........#.#..
#....#.<..#.#.....#..###..
#^......#.@.....###.##).#
#...^###..#○.#.#.# ......
###.. ###.☼.....##...#..
## ###.°...#.#.^.#.#
#...°.#...#.....#.
##...°............
###...#$.."..#..
####.†#...#(.^#
##..†#....##


There were no monsters in sight!

Vanquished Creatures
  Gastronok (Lair:3)
  A storm dragon (D:14)
  A tengu reaver (Depths:1)
  A frost giant (Depths:1)
  An emperor scorpion (Spider:1)
  A ghost moth (Spider:1)
  A broodmother (Spider:2)
  A quicksilver ooze (Lair:4)
  The ghost of Qipneorch the Devastator, a journeyman DsCj of Gozag (D:14)
  A very ugly thing (D:13)
  A vampire knight (Depths:1)
  2 stone giants (Depths:1)
  A dire elephant (D:15)
  A spark wasp (Spider:2)
  The ghost of Beaer the Grappler, a journeyman DrSh of Elyvilon (Lair:2)
  An ettin (Depths:1)
  Josephine (D:13)
  An ice dragon (Depths:1)
  An ogre mage (D:14)
  5 vault guards (D:14)
  A jorogumo (Spider:1)
  7 hydras
  Harold (Lair:1)
  A spriggan air mage (Depths:1)
  2 catoblepae
  3 centaur warriors
  2 radroaches (Spider:1)
  2 boulder beetles
  2 dancing weapons (Depths:1)
  4 two-headed ogres
  9 death yaks
  4 tengu warriors
  3 deep troll earth magi (Depths:1)
  4 demonic crawlers
  Sonja (Lair:1)
  A deep elf knight (D:14)
  A spectral death yak (Lair:2)
  4 skeletal warriors (D:15)
  A pharaoh ant (Spider:1)
  2 goliath frogs (Lair:5)
  2 iron trolls (Depths:1)
  A sun moth (Spider:1)
  3 orb spiders
  2 skysharks (Lair:5)
  A glowing orange brain (Depths:1)
  A lindwurm (Lair:5)
  A flayed ghost (Depths:1)
  6 deep trolls (Depths:1)
  A deep elf archer (D:14)
  2 deep elf pyromancers
  A necromancer (Lair:5)
  20 ugly things
  9 wolf spiders
  4 steelbarb worms
  An orc sorcerer (D:14)
  4 moths of wrath
  4 manticores
  4 cyclopes
  4 elephants (Lair:1)
  3 black mambas
  3 torpor snails
  2 gargoyles
  10 rime drakes
  17 cane toads
  The ghost of paps the Changeling, a novice OpSh (D:6)
  2 kobold demonologists (D:14)
  An efreet (D:15)
  4 komodo dragons
  Maggie (D:9)
  5 trolls
  A tarantella (shapeshifter) (D:13)
  A hornet (D:10)
  A polar bear (Lair:4)
  10 tarantellas
  16 blink frogs
  8 dream sheep
  14 slime creatures
  9 jumping spiders
  4 water elementals (Depths:1)
  A vampire (D:10)
  A centaur simulacrum (D:14)
  6 culicivoras
  2 shadows
  6 wraiths
  15 wyverns
  36 yaks
  28 redbacks
  A steam dragon (D:9)
  4 basilisks
  Grum (Bailey)
  14 vampire mosquitoes
  An acid dragon (D:10)
  15 water moccasins
  Duvessa (D:4)
  5 orc warriors
  A black bear (D:6)
  2 black mamba simulacra (Lair:2)
  3 ice beasts
  A sky beast (D:8)
  12 centaurs
  17 wolves
  A phantom (D:6)
  6 kobold brigands
  15 bullfrogs
  7 gnoll sergeants
  3 scorpions
  A cane toad simulacrum (Lair:2)
  12 wights
  Dowan (D:4)
  15 killer bees
  An electric eel (Lair:5)
  A torpor snail simulacrum (Lair:2)
  9 howler monkeys
  2 centaur zombies (Ossuary)
  6 hounds
  6 jellies
  Crazy Yiuf (D:5)
  7 gnoll boudas (Bailey)
  7 orc priests
  5 iguanas
  2 sleepcaps (D:4)
  10 orc wizards
  10 hell rats
  2 polar bear simulacra (Lair:5)
  2 yak simulacra (Lair:5)
  3 wolf simulacra (Lair:5)
  A boggart simulacrum (D:14)
  4 mummies (Ossuary)
  20 gnolls
  11 adders
  2 shadow imps
  A white imp (D:7)
  2 ufetubi (D:7)
  2 worms
  4 dart slugs
  41 orcs
  10 endoplasms
  5 giant cockroaches
  A gnoll zombie (Ossuary)
  10 goblins
  13 hobgoblins
  10 jackals
  31 kobolds
  7 quokkas
  8 ball pythons
  8 bats
  4 frilled lizards
  2 hobgoblin zombies (Ossuary)
  2 kobold zombies (Ossuary)
  An orc zombie (Ossuary)
  5 rats
  4 river rat simulacra (Lair:5)
781 creatures vanquished.

Vanquished Creatures (others)
  2 orc wizards (D:13)
2 creatures vanquished.

Grand Total: 783 creatures vanquished

Notes
Turn   | Place    | Note
-------+----------+-------------------------------------------
     0 | D:5      | Execuda the Minotaur Delver began the quest for the Orb.
     0 | D:5      | Reached XP level 1. HP: 19/19 MP: 0/0
    24 | D:5      | Found Cef Duts's Antique Weapon Emporium.
    31 | D:5      | Reached XP level 2. HP: 27/27 MP: 1/1
    35 | D:5      | Found an iron altar of Okawaru.
   146 | D:5      | Became a worshipper of Warmaster Okawaru
   182 | D:5      | Noticed a scorpion
   209 | D:5      | Killed a scorpion
   210 | D:5      | Reached skill level 1 in Invocations
   210 | D:5      | Reached XP level 3. HP: 19/34 MP: 2/2
   210 | D:5      | Reached XP level 4. HP: 23/41 MP: 3/3
   601 | D:3      | Reached skill level 5 in Fighting
   874 | D:1      | Reached * piety under Okawaru
   875 | D:1      | Reached XP level 5. HP: 48/48 MP: 5/5
  2005 | D:2      | Reached skill level 5 in Axes
  2235 | D:2      | Identified the +2 cloak of Privacy {Harm rF+ Stlth-}
  2440 | D:2      | Found a hide-covered altar of Uskayaw.
  3291 | D:3      | Reached XP level 6. HP: 45/57 MP: 6/6
  3850 | D:3      | Found an opulent altar of Gozag.
  4437 | D:4      | Noticed Dowan
  4437 | D:4      | Noticed Duvessa
  4438 | D:4      | Found a glowing golden altar of the Shining One.
  4444 | D:4      | Killed Duvessa
  4445 | D:4      | Reached XP level 7. HP: 63/64 MP: 4/8
  4446 | D:4      | Killed Dowan
  4446 | D:4      | Reached ** piety under Okawaru
  4724 | D:5      | Noticed a wraith
  4739 | D:5      | Killed a wraith
  5117 | D:5      | Found a runed translucent door.
  5118 | D:5      | Noticed Crazy Yiuf
  5408 | D:5      | Killed Crazy Yiuf
  5579 | D:6      | Reached XP level 8. HP: 74/74 MP: 9/9
  5613 | D:6      | Found an ornate altar of the Wu Jian Council.
  5746 | D:6      | Found a shadowy altar of Dithmenos.
  5754 | D:6      | Found a runed translucent gate.
  5754 | D:6      | Found a runed translucent gate.
  5756 | D:6      | Found a runed translucent gate.
  5757 | D:6      | Noticed paps's ghost (novice OpSh)
  5951 | D:6      | Got the Quarto of Maledictive Combat Magic
  5977 | D:6      | Found a staircase to the Ecumenical Temple.
  6018 | D:6      | Reached *** piety under Okawaru
  6590 | D:7      | Found a sand-covered staircase.
  6599 | Ossuary  | Entered an ossuary
  7172 | D:7      | Found a broken altar of Ashenzari.
  7216 | D:7      | Reached XP level 9. HP: 84/84 MP: 11/11
  7221 | D:7      | Reached skill level 5 in Invocations
  7724 | D:7      | Found a hide-covered altar of Uskayaw.
  7943 | D:8      | Identified the +4 leather armour of Sloth {rElec rN+ rCorr
                  | Int+3}
  8098 | D:8      | Reached skill level 10 in Fighting
  8098 | D:8      | Reached skill level 1 in Armour
  8308 | D:8      | Reached **** piety under Okawaru
  8537 | D:8      | Reached skill level 10 in Axes
  8836 | D:9      | Found Jixkiypa's Vocational Training.
  9442 | D:9      | Reached ***** piety under Okawaru
  9567 | D:9      | Reached XP level 10. HP: 88/95 MP: 13/13
  9733 | D:9      | Found a white marble altar of Elyvilon.
  9790 | D:9      | Noticed Maggie
  9805 | D:9      | Killed Maggie
  9805 | D:9      | Received a gift from Okawaru
  9962 | D:9      | Found a shimmering blue altar of Sif Muna.
 10095 | D:10     | Entered Level 10 of the Dungeon
 10096 | D:10     | Found a bloodstained altar of Trog.
 10099 | D:10     | Noticed a deep elf pyromancer
 10108 | D:10     | Killed a deep elf pyromancer
 10148 | D:10     | Found a staircase to the Lair.
 10155 | D:10     | Noticed a two-headed ogre
 10163 | D:10     | Killed a two-headed ogre
 10512 | D:10     | Found a flagged portal.
 10518 | Bailey   | Entered a bailey
 11020 | Bailey   | Noticed Grum
 11054 | Bailey   | Killed Grum
 11507 | D:10     | Found a staircase to the Orcish Mines.
 11700 | D:10     | Identified the +8 plate armour of Foolhardiness {-Tele
                  | rPois rCorr Stlth-} (Okawaru gifted it to you on level 10
                  | of the Dungeon)
 11700 | D:10     | Received a gift from Okawaru
 11852 | D:6      | Reached XP level 11. HP: 106/106 MP: 15/15
 11859 | Temple   | Entered the Ecumenical Temple
 11901 | D:6      | Killed paps's ghost
 13358 | D:12     | Noticed a brown ugly thing
 13367 | D:12     | Killed a brown ugly thing
 13609 | D:12     | Noticed a two-headed ogre
 13614 | D:12     | Killed a two-headed ogre
 13734 | D:12     | Noticed a green ugly thing
 13743 | D:12     | Killed a green ugly thing
 13749 | D:12     | Identified the +1 robe of Xag Tic {+Inv rElec rN++ Int-2}
 14114 | D:13     | Noticed a centaur warrior
 14128 | D:13     | Noticed a red ugly thing
 14134 | D:12     | Killed a centaur warrior
 14148 | D:13     | Killed a red ugly thing
 14157 | D:13     | Noticed a tengu warrior
 14168 | D:13     | Killed a tengu warrior
 14169 | D:13     | Reached XP level 12. HP: 89/118 MP: 17/17
 14305 | D:13     | Noticed a centaur warrior
 14305 | D:13     | Noticed Josephine
 14316 | D:13     | Received a gift from Okawaru
 14317 | D:13     | Killed a centaur warrior
 14323 | D:13     | Killed Josephine
 14328 | D:13     | Reached skill level 5 in Dodging
 14978 | D:13     | Found a portal to a secret trove of treasure.
 15006 | D:13     | Found Unwavua's Weapon Shop.
 15150 | D:14     | Reached skill level 15 in Fighting
 15185 | D:14     | Noticed a boulder beetle
 15190 | D:14     | Noticed a two-headed ogre
 15197 | D:14     | Killed a boulder beetle
 15198 | D:14     | Reached skill level 5 in Armour
 15200 | D:14     | Noticed a white very ugly thing
 15206 | D:14     | Killed a two-headed ogre
 15227 | D:13     | Killed a white very ugly thing
 15228 | D:13     | Reached skill level 15 in Axes
 15446 | D:14     | Noticed a tengu warrior
 15450 | D:14     | Noticed a five-headed hydra
 15496 | D:13     | Killed a tengu warrior
 15510 | D:14     | Killed a five-headed hydra
 15715 | D:14     | Received a gift from Okawaru
 15727 | D:14     | Identified the +10 battleaxe "Dufaarag" {heavy, rF+}
                  | (Okawaru gifted it to you on level 14 of the Dungeon)
 15727 | D:14     | Received a gift from Okawaru
 15738 | D:14     | Noticed a vault guard
 15785 | D:14     | Noticed a vault guard
 15819 | D:14     | Noticed a two-headed ogre
 15823 | D:14     | Killed a two-headed ogre
 15983 | D:14     | Found a runed translucent door.
 15990 | D:14     | Noticed a storm dragon
 16026 | D:14     | Noticed Qipneorch's ghost (journeyman DsCj)
 16047 | D:14     | Found Wuanan's Armour Shoppe.
 16056 | D:14     | Bought a +0 cloak of willpower for 184 gold pieces
 16318 | D:14     | Found a sparkling altar of Nemelex Xobeh.
 16435 | Lair:1   | Entered Level 1 of the Lair of Beasts
 16444 | Lair:1   | Reached XP level 13. HP: 128/128 MP: 16/18
 16505 | Lair:1   | Noticed Harold
 16511 | Lair:1   | Killed Harold
 16690 | Lair:1   | Noticed Sonja
 16697 | Lair:1   | Killed Sonja
 17136 | Lair:1   | Identified the +0 scale mail of Lust {rF++ rC- Will+ Int+3}
                  | (Okawaru gifted it to you on level 1 of the Lair of Beasts)
 17136 | Lair:1   | Received a gift from Okawaru
 17753 | Lair:2   | Found a staircase to the Shoals.
 17762 | Lair:2   | Identified the +2 plate armour "Vausirgh" {-Cast +Inv rC++
                  | Dex+3}
 17968 | Lair:2   | Found a hole to the Spider Nest.
 18323 | Lair:2   | Found a runed translucent gate.
 18323 | Lair:2   | Found a runed translucent gate.
 18323 | Lair:2   | Found a runed translucent gate.
 18324 | Lair:2   | Noticed Beaer's ghost (journeyman DrSh)
 18357 | Lair:2   | Killed Beaer's ghost
 18539 | Lair:3   | Noticed Gastronok
 18546 | Lair:3   | Killed Gastronok
 18556 | Lair:3   | Reached skill level 10 in Invocations
 19811 | Lair:3   | Identified the +0 pair of boots of Courage {rN+ Int+2
                  | Dex-5} (Okawaru gifted it to you on level 3 of the Lair of
                  | Beasts)
 19811 | Lair:3   | Received a gift from Okawaru
 19812 | Lair:3   | Reached XP level 14. HP: 32/140 MP: 20/20
 20117 | Lair:4   | Found a viscous altar of Jiyva.
 20118 | Lair:4   | Found a staircase to the Slime Pits.
 20984 | Lair:4   | Noticed a quicksilver ooze
 20990 | Lair:4   | Killed a quicksilver ooze
 21130 | Lair:5   | Entered Level 5 of the Lair of Beasts
 21512 | Lair:5   | Found a runed translucent gate.
 21512 | Lair:5   | Found a runed translucent gate.
 21512 | Lair:5   | Found a runed translucent gate.
 21513 | Lair:5   | Noticed an acid blob
 21513 | Lair:5   | Noticed an acid blob
 21514 | Lair:5   | Noticed an azure jelly
 21514 | Lair:5   | Noticed an azure jelly
 21516 | Lair:5   | Noticed an acid blob
 21516 | Lair:5   | Noticed CrazyBamboolord's ghost (journeyman DsIE)
 21516 | Lair:5   | Noticed an azure jelly
 21516 | Lair:5   | Noticed an acid blob
 21516 | Lair:5   | Noticed an acid blob
 21516 | Lair:5   | Noticed an acid blob
 21516 | Lair:5   | Noticed an acid blob
 21516 | Lair:5   | Noticed a rockslime
 21517 | Lair:5   | Noticed an azure jelly
 21519 | Lair:5   | Found a viscous altar of Jiyva.
 21580 | Lair:5   | Identified the +6 plate armour of Xaufujon {+Blink}
                  | (Okawaru gifted it to you on level 5 of the Lair of Beasts)
 21580 | Lair:5   | Received a gift from Okawaru
 22323 | Lair:5   | Reached skill level 10 in Armour
 22521 | Lair:5   | Reached XP level 15. HP: 115/151 MP: 21/21
 23381 | D:14     | Found a gate to the Vaults.
 23583 | D:14     | Killed Qipneorch's ghost
 23585 | D:14     | Killed a storm dragon
 23610 | D:15     | Entered Level 15 of the Dungeon
 23706 | D:15     | Identified the +6 battleaxe of Bodily Humours {heavy,
                  | Will++ rCorr} (Okawaru gifted it to you on level 15 of the
                  | Dungeon)
 23706 | D:15     | Received a gift from Okawaru
 23724 | D:15     | Reached skill level 10 in Dodging
 24078 | D:15     | Found Coblaeta's Armour Boutique.
 24507 | D:15     | Identified the -1 pair of boots of Claustrophobia {rN+
                  | rCorr Str+5}
 24520 | D:15     | Identified a scroll of acquirement
 24576 | D:15     | Found a staircase to the Depths.
 24901 | Depths:1 | Entered Level 1 of the Depths
 25073 | Depths:1 | Noticed a frost giant
 25084 | Depths:1 | Killed a frost giant
 25084 | Depths:1 | Reached ****** piety under Okawaru
 25122 | Depths:1 | Identified the +0 pair of gloves of the Jolly Mouths {rC+
                  | rCorr Dex-2} (Okawaru gifted it to you on level 1 of the
                  | Depths)
 25122 | Depths:1 | Received a gift from Okawaru
 25383 | Depths:1 | Found a hide-covered altar of Uskayaw.
 25445 | Depths:1 | Noticed a tengu reaver
 25456 | Depths:1 | Killed a tengu reaver
 25506 | Depths:1 | Found a gateway to Hell.
 25977 | Spider:1 | Entered Level 1 of the Spider Nest
 26035 | Spider:1 | Reached XP level 16. HP: 137/165 MP: 22/22
 27115 | Spider:2 | Received a gift from Okawaru
 27716 | Spider:2 | Blown up by an orb spider

Illustrated notes

Levels and vault maps discovered:
D:1:      dpeg_arrival_brainrot, layout_loops_corners
D:2:      layout_loops_cross, basic_altar
D:3:      corexii_shack_village, layout_basic, lemuel_coloured_pillars_altar,
          small_statue_intersection, minmay_misc_feat_tiny
D:4:      layout_basic, mainiacjoe_overflow_alcove_1, uniq_duvessa
D:5:      layout_basic, overflow_temple_1_default, serial_shops, shop,
          uniq_crazy_yiuf_cottage
D:6:      layout_rooms, nzn_wu_jian_contemplation, grunt_dithmenos_smoke,
          minmay_temple_entry_proselytizer, gammafunk_ghost_split,
          chequers_serial_rivers_micro_d, minivault_25
D:7:      layout_loops_corners, mainiacjoe_overflow_small_starburst,
          mainiacjoe_overflow_alcove_2, nicolae_ossuary_entry_monument,
          hangedman_decor_push
D:8:      layout_basic
D:9:      layout_long_grid, mainiacjoe_overflow_surrounded_room,
          elyvilon_altar_1, nicolae_shop_vocational, uniq_maggie
D:10:     layout_irregular_city, nicolae_overflow_crystal_walls,
          lair_entry_dummy, enter_bailey_2
D:11:     layout_layer_cave
D:12:     layout_cave_pods
D:13:     layout_long_grid, serial_shops, nicolae_lakefront_shop, enter_trove_2,
          uniq_josephine
D:14:     layout_cave_pools, grunt_vaults_entry_fortified, serial_shops,
          nicolae_shop_behind_doors, nicolae_wwwww, ebering_ghost_inner_flame,
          grunt_ministairs_2, nemelex_lonely_heart_becter
D:15:     hangedman_depths_entry_try_elsewhere_first, layout_gridville,
          serial_shops, shop
Temple:   nicolae_temple_x_marks_the_god
Lair:1:   layout_small_grid, small_statue_intersection,
          cheibrodos_lair_reptile_den, infiniplex_staircase_pool, uniq_sonja,
          uniq_harold
Lair:2:   layout_loops_ring, minmay_shoals_entry_centaurs,
          nicolae_spider_entry_orb_guardian, gammafunk_ghost_necromancy,
          hangedman_lair_unloving_vines
Lair:3:   layout_cave_pods, uniq_gastronok
Lair:4:   layout_gridlike, nicolae_slime_entry_slimehenge, special_room
          [special_room_mythical_zoo], nicolae_lair_time_for_slime
Lair:5:   minmay_lair_end_frog_pond, layout_cellular_growth,
          gammafunk_ghost_ooze, eino_house_with_fridge
Spider:1: nicolae_spider_hilbert_zone_5 [nicolae_spider_hilbert_3_sides_1_open,
          nicolae_spider_hilbert_4_sides_1_open,
          nicolae_spider_hilbert_4_sides_1_open,
          nicolae_spider_hilbert_6_sides_1_open,
          nicolae_spider_hilbert_6_sides_1_open]
Spider:2: nicolae_spider_broodchamber, uniq_arachne
Depths:1: layout_cave_pools, hell_entry, dancing_weapons_uskayaw

Skill      XL: |  1  2  3  4  5  6  7  8  9 10 11 12 13 14 15 16 |
---------------+-------------------------------------------------+-----
Axes           | 3 4 5 6 7 9 10 12 14 15 17 18 20 21 | 21.7
Fighting       | 4 5 6 8 9 11 12 14 15 17 18 20 21 | 21.8
Invocations    | 1 2 3 4 5 7 8 9 10 | 10.0
Armour         | 3 4 6 8 10 | 10.0
Dodging        | 3 4 6 8 9 10 | 10.0
Stealth        | |  4.1

Action                     |  1- 3 |  4- 6 |  7- 9 | 10-12 | 13-15 | 16-18 || total
---------------------------+-------+-------+-------+-------+-------+-------++-------
  Melee: Hand axe          |    30 |   151 |       |       |       |       ||   181
         Headbutt          |     5 |    39 |    49 |    88 |   228 |    30 ||   439
         War axe           |       |    76 |    50 |       |       |       ||   126
         Punch             |       |     4 |     4 |     1 |     2 |       ||    11
         Broad axe         |       |       |   181 |    23 |       |       ||   204
         Short sword       |       |       |    39 |       |       |       ||    39
         Battleaxe         |       |       |       |   391 |   837 |   141 ||  1369
         Whip              |       |       |       |       |    38 |       ||    38
  Throw: Dart              |       |       |       |     6 |     2 |       ||     8
 Invoke: Heroism           |       |     1 |       |    10 |    20 |     4 ||    35
         Finesse           |       |       |       |     2 |       |       ||     2
  Evoke: Wand              |       |       |       |     8 |     1 |       ||     9
    Use: Potion            |     1 |       |       |     1 |       |       ||     2
         Scroll            |       |       |     1 |    13 |     8 |     2 ||    24
   Stab: Sleeping          |     1 |    19 |       |     1 |       |       ||    21
 Armour: Leather armour    |    14 |    30 |    14 |    20 |       |       ||    78
         Chain mail        |       |    13 |    37 |       |       |       ||    50
         Plate armour      |       |       |     1 |   170 |   454 |   137 ||   762
  Dodge: Dodged            |    21 |   150 |   260 |   496 |   461 |   119 ||  1507
  Block: Other             |       |       |       |       |   181 |    44 ||   225
         Reflection        |       |       |       |       |     7 |     1 ||     8

Table legend: (Time is in decaauts)
 A = Elapsed time spent in this place.
 B = Non-inter-level travel time spent in this place.
 C = Inter-level travel time spent in this place.
 D = Time resting spent in this place.
 E = Time spent auto-exploring this place.
 F = Levels seen in this place.
 G = Mean time per level.
                   A        B        C        D        E       F      G
               +--------+--------+--------+--------+--------+-----+--------+
         Total |  28139 |  26348 |   1791 |   6006 |  14946 |  26 | 1082.3 |
       Dungeon |  17563 |  16227 |   1336 |   3276 |  10024 |  15 | 1170.9 |
        Temple |      1 |      1 |      0 |      0 |      0 |   1 |    1.0 |
          Lair |   6889 |   6531 |    358 |   1378 |   3878 |   5 | 1377.8 |
   Spider Nest |   1812 |   1735 |     77 |    964 |    316 |   2 |  906.0 |
        Depths |    845 |    827 |     18 |     71 |    504 |   1 |  845.0 |
       Ossuary |    332 |    332 |      0 |     70 |     64 |   1 |  332.0 |
        Bailey |    694 |    694 |      0 |    246 |    159 |   1 |  694.0 |
               +--------+--------+--------+--------+--------+-----+--------+

Top non-repeatable levels by time:
  Lair:5: 1836 daAuts
Spider:1: 1673 daAuts
     D:5: 1570 daAuts
  Lair:3: 1544 daAuts
    D:13: 1442 daAuts
    D:15: 1433 daAuts
     D:7: 1356 daAuts
  Lair:4: 1332 daAuts
     D:3: 1308 daAuts
    D:11: 1303 daAuts
     D:9: 1296 daAuts
    D:14: 1287 daAuts
  Lair:2: 1156 daAuts
     D:1: 1147 daAuts
    D:10: 1066 daAuts
